 Dungeon Crawl Stone Soup version 0.29-a0-214-g17f627cfee (webtiles) character file.

Game seed: 1498212716523333797

83 mcwallace the Caller (level 4, -9/26 HPs)
             Began as a Tengu Summoner on Feb 24, 2022.
             Killed by nerve-wracking pain
             ... invoked by an orc priest
              (14 damage)
             ... on level 3 of the Dungeon.
             The game lasted 00:05:39 (1931 turns).

mcwallace the Caller (Tengu Summoner)               Turns: 1931, Time: 00:05:40

Health: -9/26      AC:  2    Str:  9    XL:     4   Next: 44%
Magic:  7/9        EV: 13    Int: 15    God:
Gold:   134        SH:  0    Dex: 16    Spells: 4/8 levels left

rFire   . . .      SeeInvis .   e - +0 short sword {short}
rCold   . . .      Faith    .   (no shield)
rNeg    . . .      Spirit   .   a - +0 robe
rPois   .          Reflect  .   (helmet restricted)
rElec   .          Harm     .   (no cloak)
rCorr   .          Rampage  .   (no gloves)
Will    .....                   (boots unavailable)
Stlth   ++........              (no amulet)
HPRegen 0.08/turn               (no ring)
MPRegen 0.11/turn               (no ring)

@: no status effects
A: beak, talons 3
a: no special abilities


You were on level 3 of the Dungeon.
You visited 1 branch of the dungeon, and saw 3 of its levels.

You collected 134 gold pieces.


Innate Abilities, Weirdness & Mutations

You have a beak for a mouth.
You have claws for feet.


   Skills:
 + Level 1.6 Fighting
 + Level 3.1 Dodging
 - Level 2.0 Stealth
 + Level 2.7 Spellcasting
 + Level 5.4 Summonings


You had 4 spell levels left.
You knew the following spells:

 Your Spells              Type           Power      Damage    Failure   Level
a - Summon Small Mammal   Summ           72%        N/A       2%          1
b - Call Canine Familiar  Summ           18%        N/A       7%          3

Your spell library contained the following spells:

 Spells                   Type           Power      Damage    Failure   Level
 Call Imp                 Summ           18%        N/A       3%          2
 Slow                     Hex            8%         N/A       21%         1
 Summon Guardian Golem    Hex/Summ       10%        N/A       21%         3
 Confusing Touch          Hex            2%         N/A       52%         3
 Gell's Gravitas          Tloc           2%         N/A       52%         3
 Teleport Other           Tloc           2%         N/A       52%         3
 Vampiric Draining        Necr           2%         2d6       52%         3
 Summon Lightning Spire   Summ/Air       10%        N/A       56%         4
 Iskenderun's Battlesphe  Conj           2%         2d6       99%         5
 Dispersal                Tloc           1%         N/A       100%        6
 Iron Shot                Conj/Erth      1%         9d1       100%        6
 Spellforged Servitor     Conj/Summ      5%         N/A       100%        7

Inventory:

Hand Weapons
 b - a +0 club {mace}
   (You found it on level 1 of the Dungeon)
 c - a +0 club {mace}
   (You took it off a goblin on level 1 of the Dungeon)
 d - a +0 club {mace}
   (You took it off a goblin on level 1 of the Dungeon)
 e - a +0 short sword (weapon) {short}
   (You took it off a kobold on level 1 of the Dungeon)
 h - a +1 whip of pain {mace}
   (You took it off a kobold on level 1 of the Dungeon)
Missiles
 f - 88 stones {throwing}
 n - 6 poisoned darts {throwing}
Armour
 a - a +0 robe (worn)
 l - a +0 leather armour
   (You found it on level 1 of the Dungeon)
 m - a +0 leather armour
   (You found it on level 1 of the Dungeon)
 o - a +0 robe
   (You found it on level 2 of the Dungeon)
 p - a +0 chain mail
   (You found it on level 2 of the Dungeon)
 r - a +0 robe
   (You found it on level 2 of the Dungeon)
 s - a +0 leather armour
   (You found it on level 2 of the Dungeon)
 u - a +0 leather armour
   (You found it on level 2 of the Dungeon)
 x - a +0 robe
   (You found it on level 3 of the Dungeon)
Jewellery
 q - a ring of magical power
   (You found it on level 2 of the Dungeon)
Scrolls
 i - 3 scrolls of teleportation {unknown}
 j - a scroll of immolation {unknown}
 k - 3 scrolls of identify {unknown}
 t - 2 scrolls of fear {unknown}
 v - a scroll of amnesia {unknown}
 w - a scroll of magic mapping {unknown}
Potions
 g - a potion of flight {unknown}

Dungeon Overview and Level Annotations

Branches:
Dungeon (3/15)

Altars:

###.##.#.####.#
#. #.#.## #.# #
#....# #.###
###o.###...#
##....†...#
#...>......# #
#.#.###........
#.#. #.#.#
#.#..#...
##.>..##@#.#
#.#..##.#
.......).#..
.........
###...######
###..### ##. ..
#


You could see an orc priest.


Message History

The adder barely misses your hound.
Your hound closely misses the adder.
The adder bites your hound but does no damage.
Your hound misses the adder. The adder barely misses your hound.
Your hound completely misses the adder.
The adder barely misses your hound.
Your hound barely misses the adder.
The adder misses your hound.
Your hound completely misses the adder.
Your hound bites the adder.
The adder misses your hound.
Your hound misses the adder. The adder bites your hound.
Your hound dies!
Your hound's corpse disappears in a puff of smoke!
You hit the adder. Your kick misses the adder. Your peck misses the adder.
The adder bites you. 😕 HP[-2]
You take 2 damage, and now have 23/25 hp.
You closely miss the adder. Your kick misses the adder.
The adder barely misses you. 😕 HP[+1]
You miss the adder. The adder bites you.
You are poisoned.
The adder poisons you!
The adder bites you but does no damage. 😕 HP[-2] MP[+1]
You take 2 damage, and now have 22/25 hp.
Your mp is fully restored (9).
You hit the adder. Your kick misses the adder. You peck the adder.
You kill the adder!
You feel sick. 😕 HP[-1]
You now have 26 max hp (+1).
You feel sick. 😕 HP[-1]
You take 1 damage, and now have 20/26 hp.
You feel sick.
An orc priest comes into view. It is wielding a +0 trident. 😮 HP[-1]
You take 1 damage, and now have 19/26 hp.
You feel sick. 😮 HP[-1]
You take 1 damage, and now have 18/26 hp.
You feel sick.
The orc priest casts a cantrip, but nothing happens. 😮 HP[-1]
You take 1 damage, and now have 17/26 hp.
Casting: Call Canine Familiar (quite dangerous; 7% risk of failure)
Confirm with . or Enter, or press ? or * to list all spells.
The spell is quite dangerous to miscast (7% risk of failure)!
Continue anyway?
You feel sick.
The orc priest invokes the aid of Beogh against you.
Your hound barely resists. 😮 HP[-1] MP[-3]
You take 1 damage, and now have 16/26 hp.
You lost 3 mp, and now have 6/9 mp.
What are your orders? t - Shout!
Orders for allies: a - Attack new target. r - Retreat! s - Stop attacking. g - Guard the area. f - Follow me.
Anything else - Cancel.
Gang up on whom?
Press: ? - help, Dir - move target, f - orc priest
Aim: an orc priest, wielding a +0 trident (ally target) Attack!
You feel sick.
You are no longer poisoned. 😮 HP[-1]
You take 1 damage, and now have 15/26 hp.
The orc priest closely misses your hound.
Your hound bites the orc priest.
Your hound barely misses the orc priest.
The orc priest barely misses your hound.
Your hound closely misses the orc priest.
The orc priest calls down the wrath of Beogh upon you.
Beogh smites you!
* * * LOW HITPOINT WARNING * * *
😱 HP[-11]
You take 11 damage, and now have 4/26 hp.
MASSIVE DAMAGE!! (PAUSE)
Your hound barely misses the orc priest.
Your hound closely misses the orc priest.
The orc priest hits your hound with a +0 trident.
Your hound bites the orc priest.
The orc priest barely misses your hound.
Your hound barely misses the orc priest.
Your hound bites the orc priest.
The orc priest calls down the wrath of Beogh upon your hound.
Your hound writhes in agony! 😱 HP[+1]
Your hound completely misses the orc priest.
The orc priest misses your hound. 😱 MP[+1]
Your hound closely misses the orc priest.
Your hound bites the orc priest but does no damage.
The orc priest hits your hound with a +0 trident.
Your hound dies!
Your hound's corpse disappears in a puff of smoke!
The orc priest shouts!
You hear the slow rusting of a very distant drain.
The orc priest calls down the wrath of Beogh upon you.
Pain shoots through your body!
Ouch! That really hurt!
You die...

Skill      XL: |  1  2  3  4 |
---------------+-------------+-----
Summonings     | 5 |  5.4
Fighting       | 1 |  1.6
Dodging        | 3 |  3.1
Stealth        | |  2.0
Spellcasting   | |  2.7

Action                   |  1- 3 |  4- 6 || total
-------------------------+-------+-------++-------
Melee: Kick              |     9 |       ||     9
       Unarmed           |     2 |       ||     2
       Short sword       |    28 |     9 ||    37
       Peck              |     8 |     1 ||     9
 Cast: Summon Small Mamm |    47 |     1 ||    48
       Call Canine Famil |       |     3 ||     3
 Stab: Distracted        |     1 |       ||     1
Armor: Robe              |     8 |     2 ||    10
Dodge: Dodged            |    37 |     5 ||    42

Levels and vault maps discovered:
D:1:      dpeg_chamrin_arrival_tetris, layout_basic, dk_noncrumbling_3
D:2:      layout_loops_ring, minmay_pentomino_z2
D:3:      layout_loops_ring, serial_shops, nicolae_shop_crystal,
          lightli_sewer_entry_pipes, hangedman_glass_teeth

Notes
Turn   | Place    | Note
-------+----------+-------------------------------------------
     0 | D:1      | mcwallace the Tengu Summoner began the quest for the Orb.
     0 | D:1      | Reached XP level 1. HP: 10/10 MP: 4/4
     0 | D:1      | magus.rc [v1.9.6]
   147 | D:1      | Reached skill level 5 in Summonings
   147 | D:1      | Reached XP level 2. HP: 16/16 MP: 4/6
   473 | D:1      | You add the spells Gell's Gravitas, Teleport Other and
                  | Dispersal to your library.
   544 | D:1      | Reached skill level 1 in Fighting
   695 | D:1      | Reached XP level 3. HP: 20/20 MP: 4/7
  1044 | D:2      | Learned a level 3 spell: Call Canine Familiar
  1214 | D:2      | You pick up a book of Debilitation and begin reading...
  1214 | D:2      | You add the spells Slow, Vampiric Draining and Confusing
                  | Touch to your library.
  1541 | D:2      | Reached XP level 4. HP: 25/25 MP: 5/8
  1845 | D:3      | You pick up a book of Power and begin reading...
  1845 | D:3      | You add the spells Iskenderun's Battlesphere, Iron Shot and
                  | Spellforged Servitor to your library.
  1857 | D:3      | Reached skill level 3 in Dodging
  1924 | D:3      | HP: 4/26 [orc priest/divine providence (11)]
  1931 | D:3      | Killed from afar by an orc priest

Vanquished Creatures
  3 adders
  A dart slug (D:1)
  An endoplasm (D:2)
  A giant cockroach (D:2)
  A goblin (D:1)
  3 hobgoblins (D:1)
  3 kobolds
  2 ball pythons (D:1)
  2 bats (D:1)
  3 frilled lizards
  A rat (D:1)
21 creatures vanquished.

Vanquished Creatures (collateral kills)
  An adder (D:3)
  A worm (D:2)
  2 orcs (D:3)
  A ball python (D:1)
  3 bats
  An endoplasm (D:2)
  A giant cockroach (D:2)
  2 goblins (D:1)
  A hobgoblin (D:1)
  A kobold (D:1)
  A quokka (D:1)
  3 frilled lizards
  3 rats
21 creatures vanquished.

Grand Total: 42 creatures vanquished

Table legend:
 A = Non-vault XP
 B = Vault XP
 C = Vault XP percentage of total XP
 D = Non-vault monster count
 E = Vault monster count
 F = Vault count percentage of total count
                 A         B        C        D         E       F
            +---------+---------+-------+---------+---------+-------
      Total |     116 |       3 |   2.5 |      40 |       2 |   4.8
            +---------+---------+-------+---------+---------+-------
        D:1 |      38 |       0 |   0.0 |      23 |       0 |   0.0
        D:2 |      43 |       3 |   6.5 |      12 |       2 |  14.3
        D:3 |      35 |       0 |   0.0 |       5 |       0 |   0.0
            +---------+---------+-------+---------+---------+-------

Illustrated notes

Table legend:
 A = Kills in this place as a percentage of kills in entire the game.
 B = Kills by you in this place as a percentage of kills by you in the entire game.
 C = Kills by friends in this place as a percentage of kills by friends in the entire game.
 D = Other kills in this place as a percentage of other kills in the entire game.
 E = Experience gained in this place as a percentage of experience gained in the entire game.
 F = Experience gained in this place divided by the number of levels of this place that you have seen.
                   A       B       C       D       E      F
               +-------+-------+-------+-------+-------+----------------------
         Total | 100.0 | 100.0 | 100.0 |   N/A | 100.0 |  39.7
       Dungeon | 100.0 | 100.0 | 100.0 |   N/A | 100.0 |  39.7
               +-------+-------+-------+-------+-------+----------------------

Table legend: (Time is in decaauts)
 A = Elapsed time spent in this place.
 B = Non-inter-level travel time spent in this place.
 C = Inter-level travel time spent in this place.
 D = Time resting spent in this place.
 E = Time spent auto-exploring this place.
 F = Levels seen in this place.
 G = Mean time per level.
                   A        B        C        D        E       F      G
               +--------+--------+--------+--------+--------+-----+--------+
         Total |   1933 |   1887 |     46 |      0 |   1362 |   3 |  644.3 |
       Dungeon |   1933 |   1887 |     46 |      0 |   1362 |   3 |  644.3 |
               +--------+--------+--------+--------+--------+-----+--------+

Top non-repeatable levels by time:
     D:1: 978 daAuts
     D:2: 855 daAuts
     D:3: 100 daAuts
